 Dungeon Crawl Stone Soup version 0.31.0-9-g3a7656b989 (webtiles) character file.

Game seed: 14107301563483491010

338 raph the Firebug (level 6, -1/32 HPs)
             Began as a Deep Elf Fire Elementalist on Jan 24, 2024.
             Slain by a yak (16 damage)
             ... on level 5 of the Dungeon.
             The game lasted 00:07:36 (5992 turns).

raph the Firebug (Deep Elf Fire Elementalist)       Turns: 5992, Time: 00:07:36

Health: -1/32      AC:  3    Str:  5    XL:     6   Next: 29%
Magic:  6/15       EV: 12    Int: 22    God:
Gold:   236        SH:  0    Dex: 15    Spells: 1/14 levels left

rFire   . . .        p - +0 long sword
rCold   . . .        (no shield)
rNeg    . . .        a - +0 robe
rPois   .            (no helmet)
rElec   .            (no cloak)
rCorr   .            c - +0 pair of gloves
SInv    .            (no boots)
Will    .....        (no amulet)
Stlth   ++           (no ring)
HPRegen 0.25/turn    (no ring)
MPRegen 0.14/turn

%: no passive effects
@: no status effects
A: no striking features
a: no special abilities


You were on level 5 of the Dungeon.
You visited 1 branch of the dungeon, and saw 5 of its levels.

You collected 236 gold pieces.

Inventory:

Hand Weapons
 i - a +1 dagger
 p - a +0 long sword (weapon)
Armour
 a - a +0 robe (worn)
 c - a +0 pair of gloves (worn)
Wands
 n - a wand of flame (15)
 o - a wand of acid (6)
Scrolls
 j - 5 scrolls of teleportation
 m - a scroll of amnesia
 q - a scroll of poison
Potions
 b - a potion of magic
 d - 2 potions of attraction
 e - a potion of resistance
 f - 2 potions of lignification
 g - a potion of haste
 h - 2 potions of heal wounds
 k - 4 potions of curing
 l - a potion of might


   Skills:
 - Level 2.4 Dodging
 - Level 2.4 Stealth
 + Level 4.7 Spellcasting
 * Level 4.5 Conjurations
 * Level 5.5 Fire Magic


You had one spell level left.
You knew the following spells:

 Your Spells              Type           Power      Damage    Failure   Level
a - Foxfire               Conj/Fire      100%       2x1d9     1%          1
b - Scorch                Fire           58%        2d7       1%          2
c - Inner Flame           Hex/Fire       17%        N/A       10%         3
d - Volatile Blastmotes   Fire/Tloc      34%        2d12      10%         3
e - Flame Wave            Conj/Fire      27%        2d9       13%         4

Your spell library contained the following spells:

 Spells                   Type           Power      Damage    Failure   Level
 Gell's Gravitas          Tloc           5%         N/A       30%         3
 Teleport Other           Tloc           5%         N/A       30%         3
 Dispersal                Tloc           2%         N/A       100%        6


Dungeon Overview and Level Annotations

Branches:
Dungeon (5/15)
 Temple: D:4-7

Altars:
Elyvilon
Fedhas

Annotations:
D:4 1 runed translucent door + passwall, JustSomeDude's ghost, novice GnMo
D:5 2 runed translucent doors


Message History

Found a large runed translucent door.
Found a stone staircase leading up.
A yak comes into view.
The yak bellows!
An adder comes into view.
The yak moves out of view.
Casting: Scorch (safe; 1% risk of failure)
Confirm with . or Enter, or press ? or * to list all spells.
Flames lash the yak.
The yak is lightly wounded.
The yak's fire resistance burns away.
The adder hisses angrily.
Casting: Scorch (safe; 1% risk of failure)
Confirm with . or Enter, or press ? or * to list all spells.
Casting: Flame Wave (quite dangerous; 13% risk of failure)
Press: ? - help, Dir - look around, f - activate A wave of flame ripples out!
The flame wave engulfs the yak.
The yak is burned terribly!
The yak is moderately wounded. (Press . to intensify the flame waves.)
The yak barely misses you.
A wave of flame ripples out!
The flame wave engulfs the yak.
The yak is moderately wounded.
The flame wave engulfs the adder!
The adder is almost dead.
The yak is no longer more vulnerable to fire.
The yak gores you.
A wave of flame ripples out!
The flame wave engulfs the yak!
The yak is heavily wounded.
The flame wave engulfs the adder!
You kill the adder!
You finish channelling waves of flame.
The yak gores you!
Ouch! That really hurt!
Casting: Flame Wave (quite dangerous; 13% risk of failure)
Confirm with . or Enter, or press ? or * to list all spells.
Flames lash the yak.
The yak is severely wounded.
The yak's fire resistance burns away.
The yak gores you!
Ouch! That really hurt!
You die...

##++####....<..###...#
......................
......................
........#.............
##...########...#
#.### #...# #### ###.#
#...# .... #...# #...#
..##@#.# ###...#
.#.#.#.#Y#.#.##
#......
........†.....#
#......
.#.#.#.#.#.#.##
#..#.#. .!........
#....#. #.#.#.#.#.##
##...#..
.....<......#.
#....... #.# #.#.#
#.#...#....... ##
####. ..#..#.#...>.


You could see a yak (combustible).

Vanquished Creatures
  An ogre (D:5)
  A bombardier beetle (D:5)
  A hound (D:5)
  An iguana (D:5)
  4 adders
  3 gnolls (D:4)
  A shadow imp (D:4)
  2 ufetubi (D:5)
  A ribbon worm (D:2)
  2 dart slugs
  2 orcs
  6 endoplasms
  3 giant cockroaches
  6 goblins
  8 hobgoblins
  2 jackals (D:1)
  8 kobolds
  4 quokkas
  7 ball pythons
  6 bats
  7 frilled lizards
  5 rats
81 creatures vanquished.

Vanquished Creatures (others)
  200 foxfires
200 creatures vanquished.

Grand Total: 281 creatures vanquished

Notes
Turn   | Place    | Note
-------+----------+-------------------------------------------
     0 | D:1      | raph the Deep Elf Fire Elementalist began the quest for the
                  | Orb.
     0 | D:1      | Reached XP level 1. HP: 10/10 MP: 6/6
   427 | D:1      | Reached XP level 2. HP: 15/15 MP: 4/8
   462 | D:1      | Learned a level 2 spell: Scorch
  1712 | D:2      | Reached XP level 3. HP: 19/19 MP: 3/9
  1716 | D:2      | Learned a level 3 spell: Inner Flame
  1814 | D:2      | Reached skill level 4 in Fire Magic
  1948 | D:2      | Found a blossoming altar of Fedhas.
  2944 | D:3      | Learned a level 3 spell: Volatile Blastmotes
  3282 | D:3      | Reached XP level 4. HP: 24/24 MP: 8/11
  3835 | D:4      | Noticed JustSomeDude's ghost (novice GnMo)
  3838 | D:4      | Found a runed translucent door.
  5155 | D:5      | Entered Level 5 of the Dungeon
  5292 | D:5      | Reached XP level 5. HP: 28/28 MP: 4/13
  5348 | D:5      | Reached skill level 5 in Fire Magic
  5578 | D:5      | Noticed an ogre
  5582 | D:5      | Killed an ogre
  5583 | D:5      | Reached XP level 6. HP: 32/32 MP: 7/14
  5750 | D:5      | Found a white marble altar of Elyvilon.
  5841 | D:5      | Learned a level 4 spell: Flame Wave
  5974 | D:5      | Found a large runed translucent door.
  5975 | D:5      | Found a large runed translucent door.
  5984 | D:5      | Noticed a yak
  5992 | D:5      | Slain by a yak

Illustrated notes

Levels and vault maps discovered:
D:1:      tarquinn_simple_flora_water_d, layout_basic
D:2:      layout_basic, basic_altar
D:3:      layout_loops_corners
D:4:      cheibrodos_quashed, layout_rooms, hellmonk_ghost_happy_afterlife,
          serial_curves, eino_curves_04, eino_curves_01, hex_intersection
D:5:      layout_loops_cross, general_overflow_altar,
          ebering_ghost_disaster_area, st_stairs_12,
          hangedman_decor_peaks_small, minmay_between

Skill      XL: |  1  2  3  4  5 |
---------------+----------------+-----
Conjurations   | 2 3 4 |  4.5
Fire Magic     | 4 5 |  5.5
Spellcasting   | 4 |  4.7
Dodging        | |  2.4
Stealth        | |  2.4

Action                     |  1- 3 |  4- 6 || total
---------------------------+-------+-------++-------
  Melee: Unarmed           |     3 |       ||     3
         Dagger            |     1 |       ||     1
   Cast: Foxfire           |    71 |    47 ||   118
         Scorch            |    20 |    22 ||    42
         Inner Flame       |       |     6 ||     6
         Flame Wave        |       |     1 ||     1
    Use: Scroll            |    12 |     5 ||    17
   Stab: Sleeping          |     1 |       ||     1
 Armour: Robe              |    14 |     5 ||    19
  Dodge: Dodged            |     8 |     8 ||    16
